| TOP OF THE 1ST |
|
San Antonio Missions batting - Pitching for San Jose Giants : LHP Jordan Ruiz
|
|
Pitching: LHP Jordan Ruiz
|
|
|
Batting: RHB Dave McBain
|
0-0: Ground out 6-3 (Groundball, 6M, EV 104.4 MPH)
|
|
Batting: RHB Freddie Brown
|
0-0: Called Strike 0-1: Foul Ball, location: 2F 0-2: Foul Ball, location: 2F 0-2: Ball 1-2: Ball 2-2: Ball 3-2: Fly out, F7 (Flyball, 78M, EV 90.0 MPH)
|
|
Batting: RHB John Freeman
|
0-0: Foul Ball, location: 2F 0-1: Called Strike 0-2: Ground out 3-1 (Groundball, 34, EV 104.4 MPH)
|
| Top of the 1st over - 0 runs, 0 hits, 0 errors, 0 left on base; San Antonio 0 - San Jose 0 |
| BOTTOM OF THE 1ST |
|
San Jose Giants batting - Pitching for San Antonio Missions : RHP Andy Dunmire
|
|
Pitching: RHP Andy Dunmire
|
|
|
Batting: RHB Edwin Verdugo
|
0-0: Ball 1-0: Called Strike 1-1: Ball 2-1: Ball 3-1: Fly out, F2 (Popup, 23F, EV 81.2 MPH)
|
|
Batting: RHB Frank Pena
|
0-0: Ball 1-0: Called Strike 1-1: Ball 2-1: Fly out, F6 (Popup, 56, EV 55.6 MPH)
|
|
Batting: RHB Tony Harper
|
0-0: Called Strike 0-1: Swinging Strike 0-2: Ball 1-2: Foul Ball, location: 2F 1-2: Foul Ball, location: 2F 1-2: SINGLE (Flyball, 8LS, EV 90.0 MPH)
|
|
Batting: LHB Gil Caraveo
|
0-0: Ground out 5-3 (Groundball, 56S, EV 67.5 MPH)
|
| Bottom of the 1st over - 0 runs, 1 hit, 0 errors, 1 left on base; San Antonio 0 - San Jose 0 |
| TOP OF THE 2ND |
|
San Antonio Missions batting - Pitching for San Jose Giants : LHP Jordan Ruiz
|
|
Batting: RHB Adrian Martinelli
|
0-0: Foul Ball, location: 2F 0-1: Foul Ball, location: 2F 0-2: Fly out, F8 (Flyball, 78D, EV 89.4 MPH)
|
|
Batting: LHB Matt Patnaude
|
0-0: Swinging Strike 0-1: Called Strike 0-2: Ball 1-2: Ball 2-2: Ball 3-2: Strikes out swinging
|
|
Batting: RHB Joe Weissman
|
0-0: Foul Ball, location: 2F 0-1: Ball 1-1: Ball 2-1: SINGLE (Line Drive, 3D, EV 98.1 MPH)
|
|
Batting: RHB David Aguilar
|
0-0: Ball 1-0: Single, Error in OF, E7, batter to second base (Line Drive, 5D, EV 98.8 MPH) Joe Weissman to third
|
|
Batting: RHB Roberto Monzon
|
0-0: Foul Ball, location: 2F 0-1: Foul Ball, location: 2F 0-2: Strikes out swinging
|
| Top of the 2nd over - 0 runs, 2 hits, 1 error, 2 left on base; San Antonio 0 - San Jose 0 |
| BOTTOM OF THE 2ND |
|
San Jose Giants batting - Pitching for San Antonio Missions : RHP Andy Dunmire
|
|
Batting: RHB Coen Dirks
|
0-0: Ball 1-0: Ball 2-0: Ball 3-0: Base on Balls
|
|
Batting: RHB Matt Shepard
|
0-0: Ball 1-0: Foul Ball, location: 2F 1-1: Hit by Pitch Coen Dirks to second
|
|
Batting: RHB Josh Truell
|
0-0: Ball 1-0: Ball 2-0: Grounds into double play, 6-4-3 (Groundball, 6, EV 106.2 MPH) Coen Dirks to third
|
|
Batting: RHB Bob Schweiger
|
0-0: Called Strike 0-1: Swinging Strike 0-2: Ball 1-2: Strikes out looking
|
| Bottom of the 2nd over - 0 runs, 0 hits, 0 errors, 1 left on base; San Antonio 0 - San Jose 0 |
| TOP OF THE 3RD |
|
San Antonio Missions batting - Pitching for San Jose Giants : LHP Jordan Ruiz
|
|
Batting: LHB Josh Slusarczyk
|
0-0: Called Strike 0-1: Swinging Strike 0-2: Ball 1-2: Foul Ball, location: 2F 1-2: Ball 2-2: Foul Ball, location: 2F 2-2: Ball 3-2: Strikes out swinging
|
|
Batting: RHB Dave McBain
|
0-0: Ball 1-0: Swinging Strike 1-1: Ground out 4-3 (Groundball, 4, EV 103.8 MPH)
|
|
Batting: RHB Freddie Brown
|
0-0: Ball 1-0: Fly out, F4 (Popup, 23, EV 84.4 MPH)
|
| Top of the 3rd over - 0 runs, 0 hits, 0 errors, 0 left on base; San Antonio 0 - San Jose 0 |
| BOTTOM OF THE 3RD |
|
San Jose Giants batting - Pitching for San Antonio Missions : RHP Andy Dunmire
|
|
Batting: RHB Teruhide Horiuchi
|
0-0: Ball 1-0: Ground out 6-3 (Groundball, 6, EV 105.0 MPH)
|
|
Batting: RHB Edwin Verdugo
|
0-0: Foul Ball, location: 2F 0-1: Swinging Strike 0-2: Ball 1-2: Foul Ball, location: 2F 1-2: Ball 2-2: Ball 3-2: Foul Ball, location: 2F 3-2: Fly out, F7 (Flyball, 7D, EV 98.1 MPH)
|
|
Batting: RHB Frank Pena
|
0-0: Ball 1-0: Called Strike 1-1: Ball 2-1: Ground out 6-3 (Groundball, 6, EV 85.6 MPH)
|
| Bottom of the 3rd over - 0 runs, 0 hits, 0 errors, 0 left on base; San Antonio 0 - San Jose 0 |
| TOP OF THE 4TH |
|
San Antonio Missions batting - Pitching for San Jose Giants : LHP Jordan Ruiz
|
|
Batting: RHB John Freeman
|
0-0: Called Strike 0-1: Ball 1-1: Ground out 3-1 (Groundball, 34, EV 106.2 MPH)
|
|
Batting: RHB Adrian Martinelli
|
0-0: Ground out U3 (Groundball, 34, EV 106.9 MPH)
|
|
Batting: LHB Matt Patnaude
|
0-0: Called Strike 0-1: Ball 1-1: Swinging Strike 1-2: Fly out, F8 (Flyball, 8LD, EV 95.0 MPH)
|
| Top of the 4th over - 0 runs, 0 hits, 0 errors, 0 left on base; San Antonio 0 - San Jose 0 |
| BOTTOM OF THE 4TH |
|
San Jose Giants batting - Pitching for San Antonio Missions : RHP Andy Dunmire
|
|
Batting: RHB Tony Harper
|
0-0: Ball 1-0: Ball 2-0: Called Strike 2-1: Ball 3-1: Fly out, F3 (Popup, 34, EV 55.6 MPH)
|
|
Batting: LHB Gil Caraveo
|
0-0: SINGLE (Groundball, 34D, EV 105.6 MPH)
|
|
Batting: RHB Coen Dirks
|
0-0: Called Strike 0-1: Swinging Strike 0-2: Strikes out looking
|
|
Batting: RHB Matt Shepard
|
0-0: Called Strike Gil Caraveo is caught stealing 2nd base 2-4
|
| Bottom of the 4th over - 0 runs, 1 hit, 0 errors, 0 left on base; San Antonio 0 - San Jose 0 |
| TOP OF THE 5TH |
|
San Antonio Missions batting - Pitching for San Jose Giants : LHP Jordan Ruiz
|
|
Batting: RHB Joe Weissman
|
0-0: Called Strike 0-1: Called Strike 0-2: Fly out, F9 (Flyball, 9D, EV 106.2 MPH)
|
|
Batting: RHB David Aguilar
|
0-0: Ball 1-0: Ground out 3-1 (Groundball, 34, EV 103.1 MPH)
|
|
Batting: RHB Roberto Monzon
|
0-0: Foul Ball, location: 2F 0-1: Ball 1-1: Ball 2-1: Ball 3-1: Called Strike 3-2: Strikes out swinging
|
| Top of the 5th over - 0 runs, 0 hits, 0 errors, 0 left on base; San Antonio 0 - San Jose 0 |
| BOTTOM OF THE 5TH |
|
San Jose Giants batting - Pitching for San Antonio Missions : RHP Andy Dunmire
|
|
Batting: RHB Matt Shepard
|
0-0: Swinging Strike 0-1: Ball 1-1: Ball 2-1: Swinging Strike 2-2: Ground out 4-3 (Groundball, 4, EV 100.6 MPH)
|
|
Batting: RHB Josh Truell
|
0-0: SINGLE (Groundball, 56D, EV 101.9 MPH)
|
|
Batting: RHB Bob Schweiger
|
0-0: Ball 1-0: Reached via error on a dropped throw from 3B, E3 (Groundball, 56S, EV 65.6 MPH) Josh Truell to second
|
|
Batting: RHB Teruhide Horiuchi
|
0-0: Fielders Choice at 2nd, 6-4 (Groundball, 6, EV 89.4 MPH) Josh Truell to third
|
|
Batting: RHB Edwin Verdugo
|
0-0: Called Strike 0-1: SINGLE (Flyball, 6MD, EV 88.8 MPH) Josh Truell scores Teruhide Horiuchi to second
|
|
Batting: RHB Frank Pena
|
0-0: Fly out, F8 (Flyball, 89M, EV 86.2 MPH)
|
| Bottom of the 5th over - 1 run, 2 hits, 1 error, 2 left on base; San Antonio 0 - San Jose 1 |
| TOP OF THE 6TH |
|
San Antonio Missions batting - Pitching for San Jose Giants : LHP Jordan Ruiz
|
|
Batting: LHB Josh Slusarczyk
|
0-0: Foul Ball, location: 2F 0-1: Foul Ball, location: 2F 0-2: Strikes out looking
|
|
Batting: RHB Dave McBain
|
0-0: Ball 1-0: Ball 2-0: Called Strike 2-1: Ground out 5-3 (Groundball, P, EV 90.0 MPH)
|
|
Batting: RHB Freddie Brown
|
0-0: Ball 1-0: Ball 2-0: Ball 3-0: Called Strike 3-1: DOUBLE (Line Drive, 9LM, EV 111.9 MPH)
|
|
Batting: RHB John Freeman
|
0-0: Called Strike 0-1: Fly out, F8 (Flyball, 8LM, EV 88.8 MPH)
|
| Top of the 6th over - 0 runs, 1 hit, 0 errors, 1 left on base; San Antonio 0 - San Jose 1 |
| BOTTOM OF THE 6TH |
|
San Jose Giants batting - Pitching for San Antonio Missions : RHP Andy Dunmire
|
|
Batting: RHB Tony Harper
|
0-0: Ground out 4-3 (Groundball, 4S, EV 72.5 MPH)
|
|
Batting: LHB Gil Caraveo
|
0-0: Foul Ball, location: 2F 0-1: Ball 1-1: Ball 2-1: Fly out, F8 (Flyball, 8LD, EV 103.1 MPH)
|
|
Batting: RHB Coen Dirks
|
0-0: Called Strike 0-1: Ball 1-1: Ball 2-1: Called Strike 2-2: Foul Ball, location: 2F 2-2: Ball 3-2: Base on Balls
|
|
Batting: RHB Matt Shepard
|
0-0: Called Strike 0-1: Foul Ball, location: 2F 0-2: Strikes out swinging
|
| Bottom of the 6th over - 0 runs, 0 hits, 0 errors, 1 left on base; San Antonio 0 - San Jose 1 |
| TOP OF THE 7TH |
|
San Antonio Missions batting - Pitching for San Jose Giants : LHP Jordan Ruiz
|
|
Now at 1B: Mike Roberts
|
|
|
Now at 3B: Teruhide Horiuchi
|
|
|
Now in LF: Frank Pena
|
|
|
Now in RF: Steve Nevis
|
|
|
Batting: RHB Adrian Martinelli
|
0-0: Ball 1-0: Called Strike 1-1: Swinging Strike 1-2: Strikes out looking
|
|
Batting: LHB Matt Patnaude
|
0-0: SINGLE (Flyball, 4D, EV 90.0 MPH)
|
|
Batting: RHB Joe Weissman
|
0-0: Foul Ball, location: 2F 0-1: Swinging Strike 0-2: Foul Ball, location: 2F 0-2: Strikes out swinging
|
|
Pitching: RHP Brian Yinger
|
|
|
Pinch Hitting: LHB Teko van de Sande
|
0-0: Foul Ball, location: 2F 0-1: Foul Ball, location: 2F 0-2: Ball 1-2: Ball 2-2: SINGLE (Line Drive, 78M, EV 106.2 MPH) Matt Patnaude to second
|
|
Batting: RHB Roberto Monzon
|
0-0: Ball 1-0: Foul Ball, location: 2F 1-1: Ball 2-1: Ball 3-1: Base on Balls Matt Patnaude to third Teko van de Sande to second
|
|
Batting: LHB Josh Slusarczyk
|
0-0: Ball 1-0: Called Strike 1-1: Ball 2-1: Foul Ball, location: 2F 2-2: Foul Ball, location: 2F 2-2: Foul Ball, location: 2F 2-2: Ball 3-2: Strikes out looking
|
| Top of the 7th over - 0 runs, 2 hits, 0 errors, 3 left on base; San Antonio 0 - San Jose 1 |
| BOTTOM OF THE 7TH |
|
San Jose Giants batting - Pitching for San Antonio Missions : RHP Andy Dunmire
|
|
Now in LF: Jaden Scott
|
|
|
Batting: RHB Josh Truell
|
0-0: Swinging Strike 0-1: Foul Ball, location: 2F 0-2: Strikes out swinging
|
|
Batting: RHB Bob Schweiger
|
0-0: Ball 1-0: Called Strike 1-1: Ball 2-1: Called Strike 2-2: Strikes out swinging
|
|
Batting: RHB Teruhide Horiuchi
|
0-0: Called Strike 0-1: Fly out, F7 (Flyball, 78M, EV 90.6 MPH)
|
| Bottom of the 7th over - 0 runs, 0 hits, 0 errors, 0 left on base; San Antonio 0 - San Jose 1 |
| TOP OF THE 8TH |
|
San Antonio Missions batting - Pitching for San Jose Giants : RHP Brian Yinger
|
|
Pitching: RHP Danny MacKinnon
|
|
|
Batting: RHB Dave McBain
|
0-0: Ball 1-0: SINGLE (Groundball, 25, EV 66.9 MPH) (infield hit)
|
|
Batting: RHB Freddie Brown
|
0-0: Ball 1-0: Ball 2-0: Ball 3-0: Called Strike 3-1: Called Strike 3-2: Fly out, F7 (Flyball, 7S, EV 87.5 MPH)
|
|
Batting: RHB John Freeman
|
0-0: Hit by Pitch Dave McBain to second
|
|
Batting: RHB Adrian Martinelli
|
0-0: Called Strike 0-1: Foul Ball, location: 2F 0-2: Ball 1-2: Strikes out swinging
|
|
Batting: LHB Matt Patnaude
|
0-0: Fly out, F8 (Flyball, 89M, EV 81.2 MPH)
|
| Top of the 8th over - 0 runs, 1 hit, 0 errors, 2 left on base; San Antonio 0 - San Jose 1 |
| BOTTOM OF THE 8TH |
|
San Jose Giants batting - Pitching for San Antonio Missions : RHP Andy Dunmire
|
|
Batting: RHB Edwin Verdugo
|
0-0: Ball 1-0: Foul Ball, location: 2F 1-1: Ball 2-1: Ball 3-1: Called Strike 3-2: Ground out 5-3 (Groundball, 5S, EV 81.9 MPH)
|
|
Batting: RHB Frank Pena
|
0-0: Swinging Strike 0-1: Ball 1-1: Ball 2-1: Foul Ball, location: 2F 2-2: Ball 3-2: Base on Balls
|
|
Pitching: RHP Colin Dorsey
|
|
|
Batting: LHB Mike Roberts
|
0-0: Ball Frank Pena steals 2nd, throwing error, E2 Frank Pena to third 1-0: Ball 2-0: Called Strike 2-1: Swinging Strike 2-2: SINGLE (Flyball, 9S, EV 91.9 MPH) Frank Pena scores
|
|
Batting: LHB Gil Caraveo
|
0-0: Called Strike 0-1: Ball 1-1: Ball 2-1: Fly out, F7 (Flyball, 7, EV 98.8 MPH)
|
|
Batting: LHB Steve Nevis
|
0-0: Ball 1-0: SINGLE (Line Drive, 8RS, EV 90.0 MPH) Mike Roberts to second
|
|
Batting: RHB Matt Shepard
|
0-0: Called Strike 0-1: Foul Ball, location: 2F 0-2: Ball 1-2: Ball 2-2: Foul Ball, location: 2F 2-2: Foul Ball, location: 2F 2-2: Ball 3-2: Foul Ball, location: 2F 3-2: Foul Ball, location: 2F 3-2: Base on Balls Mike Roberts to third Steve Nevis to second
|
|
Pitching: RHP Bryan Pitcher
|
|
|
Batting: RHB Josh Truell
|
0-0: Called Strike 0-1: SINGLE (Flyball, 3D, EV 88.8 MPH) Mike Roberts scores Steve Nevis to third Matt Shepard to second
|
|
Batting: RHB Bob Schweiger
|
0-0: Ball 1-0: Foul Ball, location: 2F 1-1: Swinging Strike 1-2: Ground out 3-1 (Groundball, 34, EV 87.5 MPH)
|
| Bottom of the 8th over - 2 runs, 3 hits, 1 error, 3 left on base; San Antonio 0 - San Jose 3 |
| TOP OF THE 9TH |
|
San Antonio Missions batting - Pitching for San Jose Giants : RHP Danny MacKinnon
|
|
Pitching: RHP Sanya Mikushevich
|
|
|
Batting: RHB Joe Weissman
|
0-0: Called Strike 0-1: Ball 1-1: SINGLE (Flyball, 7LS, EV 78.8 MPH)
|
|
Batting: RHB Jaden Scott
|
0-0: Ball 1-0: Foul Ball, location: 2F 1-1: Ball 2-1: Ball 3-1: Swinging Strike 3-2: Foul Ball, location: 2F 3-2: Strikes out swinging
|
|
Batting: RHB Roberto Monzon
|
0-0: Ball 1-0: DOUBLE (Groundball, 5L, EV 106.2 MPH) Joe Weissman to third
|
|
Batting: LHB Josh Slusarczyk
|
0-0: Called Strike 0-1: Ball 1-1: Ball 2-1: Called Strike 2-2: Strikes out swinging
|
|
Batting: RHB Dave McBain
|
0-0: Ball 1-0: Ball 2-0: Fly out, F7 (Line Drive, 7, EV 95.6 MPH)
|
| Top of the 9th over - 0 runs, 2 hits, 0 errors, 2 left on base; San Antonio 0 - San Jose 3 |
|